 Dungeon Crawl Stone Soup version 0.23.2-30-g0e89c35649 (webtiles) character file.

Game seed: 11851702605742132060

9099 H0rd4k the Thaumaturge (level 11, -2/56 HPs)
             Began as a Deep Elf Wizard on June 25, 2019.
             Was an Elder of Sif Muna.
             Slain by an ufetubus (4 damage)
             ... on level 10 of the Dungeon.
             The game lasted 00:57:54 (16784 turns).

H0rd4k the Thaumaturge (Deep Elf Wizard)           Turns: 16784, Time: 00:57:55

Health: -2/56      AC:  1    Str:  4    XL:     11   Next: 18%
Magic:  0/31       EV: 14    Int: 32    God:    Sif Muna [****..]
Gold:   275        SH:  0    Dex: 13    Spells: 15/38 levels left

rFire    . . .     SeeInvis .   t - +3 dagger (speed)
rCold    . . .     Gourm    +   (no shield)
rNeg     + + .     Faith    .   A - +2 robe {rN+}
rPois    +         Spirit   .   b - +1 hat
rElec    .         Reflect  .   y - scarf {cloud immunity}
rCorr    .         Harm     .   (no gloves)
MR       +....                  (no boots)
Stlth    ++++......             F - amulet of the gourmand
HPRegen  0.18/turn              x - ring "Inicucan" {*Corrode rPois rN+ Stlth+}
MPRegen  0.22/turn              j - +5 ring of intelligence

@: corroded
A: no striking features
a: Divine Energy, Channel Magic, Forget Spell, Renounce Religion


You were on level 10 of the Dungeon.
You worshipped Sif Muna.
Sif Muna was greatly pleased with you.
You were not hungry.

You visited 2 branches of the dungeon, and saw 11 of its levels.

You collected 275 gold pieces.

Inventory:

Hand Weapons
 t - a +3 dagger of speed (weapon)
Missiles
 u - 4 silver tomahawks (quivered)
Armour
 b - a +1 hat (worn)
 y - a scarf of cloud immunity (worn)
 A - a +2 robe of positive energy (worn)
Jewellery
 j - a +5 ring of intelligence (right hand)
 k - a +3 amulet of reflection {unknown}
 o - an uncursed ring of protection from fire
 x - the ring "Inicucan" (left hand) {*Corrode rPois rN+ Stlth+}
   (You found it on level 4 of the Dungeon)

   [ring of poison resistance]

   It protects you from poison.
   It protects you from negative energy.
   It may corrode you when you take damage.
   It makes you more stealthy.
 F - an amulet of the gourmand (around neck)
Wands
 C - a wand of enslavement (1)
Scrolls
 c - a scroll of enchant armour
 e - a scroll of immolation
 f - a scroll of teleportation
 g - 9 scrolls of identify
 n - 11 scrolls of remove curse
 q - 4 scrolls of amnesia
 w - 2 scrolls of enchant weapon
 B - a scroll of torment {unknown}
 D - a scroll of magic mapping
Potions
 h - a potion of brilliance {unknown}
 i - 3 potions of degeneration {unknown}
 l - 2 potions of lignification {unknown}
 m - a potion of cancellation {unknown}
 p - a potion of invisibility {unknown}
 r - a potion of agility {unknown}
 s - a potion of mutation {unknown}
 v - a potion of flight {unknown}
 z - a potion of magic {unknown}
 E - a potion of ambrosia {unknown}
Comestibles
 d - 11 rations


   Skills:
 + Level 1.2 Fighting
 + Level 0.2 Short Blades
 + Level 5.2 Dodging
 + Level 4.0 Stealth
 + Level 14.1 Spellcasting
 + Level 9.4 Conjurations
 - Level 8.0 Charms
   Level 1.1 Summonings
 + Level 4.2 Translocations
 - Level 6.3 Fire Magic
 + Level 2.5 Air Magic
 + Level 1.0 Evocations


You had 15 spell levels left.
You knew the following spells:

 Your Spells              Type           Power        Failure   Level  Hunger
a - Magic Dart            Conj           ####         1%          1    None
b - Blink                 Tloc           N/A          1%          2    None
c - Conjure Flame         Conj/Fire      ######..     1%          3    None
d - Swiftness             Chrm/Air       ######..     1%          2    None
e - Confusing Touch       Hex            ###...       1%          1    None
f - Gell's Gravitas       Tloc           #####.....   1%          3    None
g - Deflect Missiles      Chrm/Air       ######....   34%         6    ###....
h - Lightning Bolt        Conj/Air       ######....   4%          5    None

Your spell library contained the following spells:

 Spells                   Type           Power        Failure   Level  Hunger
 Shock                    Conj/Air       ####         1%          1    None
 Call Imp                 Summ           ####....     1%          2    None
 Mephitic Cloud           Conj/Pois/Air  #####...     1%          3    None
 Static Discharge         Conj/Air       ######..     1%          3    None
 Slow                     Hex            ###.....     3%          2    None
 Confuse                  Hex            ###.....     6%          3    None
 Airstrike                Air            #####.....   7%          4    None
 Cause Fear               Hex            ###.......   21%         4    None
 Petrify                  Tmut/Erth      ###.....     21%         4    None
 Silence                  Hex/Air        ####......   32%         5    None
 Metabolic Englaciation   Hex/Ice        ###.......   50%         5    None
 Yara's Violent Unravell  Hex/Tmut       ###.......   50%         5    None
 Discord                  Hex            ###.......   100%        8    ######.


Dungeon Overview and Level Annotations

Branches:
Dungeon (10/15)            Temple (1/1) D:6            Lair (0/6) D:8
    Orc: D:9-12

Altars:
Ashenzari
Cheibriados
Dithmenos
Elyvilon
Fedhas
Gozag
Hepliaklqana
Kikubaaqudgha
Makhleb
Nemelex Xobeh
Okawaru
Qazlal
Ru
Sif Muna
Trog
Uskayaw
Vehumet
Wu Jian
Xom
Yredelemnul
Zin
The Shining One

Shops:
D:7 =

Annotations:
D:3 exclusion: 2 downstairs
D:4 2 exclusions
D:5 exclusion: 2 downstairs
D:6 exclusion: downstairs
D:7 Prince Ribbit
D:8 exclusion: downstairs


Message History

* * * LOW HITPOINT WARNING * * *
The ufetubus closely misses you. The ufetubus hits you.
* * * LOW HITPOINT WARNING * * *
The phantom blinks!
Casting: Blink (safe; 1% risk of failure)
Confirm with . or Enter, or press ? or * to list all spells.
You blink.
The phantom barely misses you.
Evoke which item? (* to show all) (? for menu, Esc to quit)
Okay, then.
Press: ? - help, v - describe, . - travel
Here: an ufetubus The floor.
You feel better. The ufetubus closely misses you. The ufetubus misses you.
The phantom hits you!
* * * LOW HITPOINT WARNING * * *
The ufetubus hits you.
* * * LOW HITPOINT WARNING * * *
The ufetubus hits you.
You die...

#.# #.###.......... ###
###.......8...
###.###............ #....
................./. #....
###.#.............. #....
#................ #....
###..####.####... #.... #
#..#≈≈≈W≈≈≈#... #.... #.
#.##≈≈..@.≈##..######....
#..#####..#≈.§§5..##.h..........
#........'...§§§...+....######..
#........##≈.§§§.≈#.....# #..
##........##≈§§..≈≈##....# #..
...#####..##≈≈≈..≈≈##....# #..
.#.#...'..#####.#######..######..
...#...#..###.........#..........
#..'...#....#.........#......(...


You could see a phantom and an ufetubus.

Vanquished Creatures
  2 trolls
  2 polar bears
  A vampire (D:8)
  4 hogs (D:7)
  A wraith (D:10)
  2 yaks
  A steam dragon (D:8)
  A human (D:7)
  3 orc warriors (D:8)
  5 ogres
  8 ice beasts
  A black bear (D:5)
  4 wolves
  4 phantoms
  3 centaurs
  6 big kobolds
  4 gnoll sergeants
  5 bullfrogs
  6 scorpions
  20 killer bees
  An electric eel (D:8)
  4 howler monkeys
  5 crimson imps
  2 bullfrog zombies
  3 jellies
  2 bullfrog skeletons
  An orc priest (D:8)
  A centaur skeleton (D:8)
  4 hounds
  10 orc wizards
  3 iguanas
  12 worker ants
  2 killer bee zombies
  A hound zombie (D:2)
  3 hound skeletons
  A mummy (D:5)
  2 worker ant zombies
  20 gnolls
  2 howler monkey skeletons
  9 adders
  A shadow imp (D:8)
  6 white imps
  A worker ant simulacrum (D:8)
  2 oozes
  6 worms
  2 dart slugs
  An adder simulacrum (D:8)
  2 leopard geckos
  34 orcs
  2 ball pythons (D:1)
  4 bats
  6 giant cockroaches
  7 goblins
  10 hobgoblins
  14 jackals
  5 quokkas
  10 frilled lizards
  A giant cockroach zombie (D:5)
  9 kobolds
  A leopard gecko skeleton (D:4)
  A quokka zombie (D:3)
  8 rats
304 creatures vanquished.

Vanquished Creatures (collateral kills)
  An ogre (D:9)
  2 killer bees (D:9)
  A gnoll (D:9)
  3 kobolds (D:10)
7 creatures vanquished.

Vanquished Creatures (others)
  A killer bee (D:9)
  A big kobold (D:10)
  A hound (D:5)
  A worker ant (D:5)
  A frilled lizard (D:5)
5 creatures vanquished.

Grand Total: 316 creatures vanquished

Notes
Turn   | Place    | Note
-------+----------+-------------------------------------------
     0 | D:1      | H0rd4k the Deep Elf Wizard began the quest for the Orb.
     0 | D:1      | Reached XP level 1. HP: 10/10 MP: 7/7
   180 | D:1      | Reached skill level 5 in Spellcasting
   212 | D:1      | Reached XP level 2. HP: 14/15 MP: 5/10
   803 | D:1      | Reached XP level 3. HP: 19/19 MP: 9/11
  1726 | D:2      | Reached XP level 4. HP: 24/24 MP: 2/13
  1835 | D:2      | Found a glowing golden altar of the Shining One.
  1839 | D:2      | Learned a level 2 spell: Blink
  1843 | D:2      | Learned a level 3 spell: Conjure Flame
  3454 | D:3      | Reached skill level 6 in Spellcasting
  3454 | D:3      | Reached XP level 5. HP: 14/28 MP: 4/15
  3676 | D:4      | Noticed an ogre
  4286 | D:3      | Killed an ogre
  4286 | D:3      | Reached skill level 7 in Spellcasting
  4286 | D:3      | Reached XP level 6. HP: 32/32 MP: 3/18
  4748 | D:4      | Learned a level 2 spell: Swiftness
  5042 | D:4      | Got an ancient marble ring
  5046 | D:4      | Found a bloodstained altar of Trog.
  5200 | D:4      | Identified the ring "Inicucan" {*Corrode rPois rN+ Stlth+}
                  | (You found it on level 4 of the Dungeon)
  5350 | D:5      | Entered Level 5 of the Dungeon
  5561 | D:5      | Reached skill level 8 in Spellcasting
  5561 | D:5      | Reached skill level 1 in Charms
  5561 | D:5      | Reached XP level 7. HP: 36/36 MP: 7/20
  5644 | D:5      | Reached skill level 1 in Fire Magic
  5731 | D:5      | Found a shimmering altar of Xom.
  5740 | D:5      | Reached skill level 5 in Conjurations
  6104 | D:5      | Learned a level 1 spell: Confusing Touch
  6108 | D:5      | Learned a level 3 spell: Gell's Gravitas
  6595 | D:6      | Found a staircase to the Ecumenical Temple.
  6967 | D:6      | Reached XP level 8. HP: 35/41 MP: 5/22
  6970 | D:6      | Reached skill level 9 in Spellcasting
  7234 | D:6      | Found a sand-covered staircase.
  8431 | D:6      | Noticed a troll
  8439 | D:6      | Reached skill level 5 in Charms
  8678 | D:5      | Reached skill level 10 in Spellcasting
  9302 | Temple   | Entered the Ecumenical Temple
  9427 | Temple   | Became a worshipper of Sif Muna the Loreminder
  9451 | D:6      | Reached XP level 9. HP: 45/45 MP: 21/25
 10398 | D:6      | Killed a troll
 10666 | D:7      | Reached skill level 5 in Fire Magic
 10769 | D:7      | Reached skill level 11 in Spellcasting
 10773 | D:7      | Reached * piety under Sif Muna
 10909 | D:7      | Found Kuyk Xit's Jewellery Shoppe.
 11372 | D:7      | Noticed Prince Ribbit
 11555 | D:7      | Reached skill level 1 in Fighting
 11898 | D:7      | Reached XP level 10. HP: 52/52 MP: 23/27
 11929 | D:7      | Reached skill level 12 in Spellcasting
 12136 | D:8      | Reached ** piety under Sif Muna
 13498 | D:8      | Found a staircase to the Lair.
 13529 | D:8      | Reached *** piety under Sif Muna
 13979 | D:8      | Reached skill level 13 in Spellcasting
 14154 | D:8      | Learned a level 6 spell: Deflect Missiles
 14160 | D:8      | Learned a level 5 spell: Lightning Bolt
 14218 | D:9      | Noticed a two-headed ogre
 14699 | D:9      | Reached skill level 1 in Air Magic
 14927 | D:10     | Entered Level 10 of the Dungeon
 15253 | D:9      | Reached skill level 5 in Dodging
 15441 | D:10     | Reached **** piety under Sif Muna
 15441 | D:10     | Reached skill level 1 in Evocations
 15441 | D:10     | Reached XP level 11. HP: 20/56 MP: 18/30
 16378 | D:10     | Reached skill level 14 in Spellcasting
 16784 | D:10     | HP: 2/56 [ufetubus (5)]
 16784 | D:10     | Slain by an ufetubus

Skill      XL: |  1  2  3  4  5  6  7  8  9 10 11 |
---------------+----------------------------------+-----
Spellcasting   | 5 6 7 8 10 11 13 14 | 14.1
Dodging        | 3 4 5 |  5.2
Conjurations   | 2 3 4 5 6 8 9 |  9.4
Stealth        | 3 4 |  4.0
Charms         | 1 3 5 6 8 |  8.0
Fire Magic     | 2 3 5 6 |  6.3
Fighting       | 1 |  1.2
Translocations | 3 4 |  4.2
Air Magic      | 1 2 |  2.5
Evocations     | 1 |  1.0
Short Blades   | |  0.2
Summonings     | |  1.1

Action                   |  1- 3 |  4- 6 |  7- 9 | 10-12 || total
-------------------------+-------+-------+-------+-------++-------
Melee: Unarmed           |     2 |       |       |       ||     2
       Dagger            |       |       |     1 |     2 ||     3
 Cast: Magic Dart        |   139 |   211 |   553 |   382 ||  1285
       Conjure Flame     |       |     3 |    23 |    43 ||    69
       Blink             |       |     2 |     9 |    12 ||    23
       Gell's Gravitas   |       |       |       |    41 ||    41
       Lightning Bolt    |       |       |       |    24 ||    24
       Confusing Touch   |       |       |       |     2 ||     2
       Swiftness         |       |       |       |     1 ||     1
Evoke: Wand              |       |       |     5 |     9 ||    14
  Use: Scroll            |       |       |    10 |     1 ||    11
       Potion            |       |       |     1 |     3 ||     4
  Eat: Chunk             |     2 |     8 |    15 |    15 ||    40
       Ration            |       |     1 |     3 |       ||     4
Armor: Robe              |     6 |     7 |    18 |    31 ||    62
Dodge: Dodged            |    24 |    49 |   130 |   135 ||   338
